 Dungeon Crawl Stone Soup version 0.26-a0-519-gb2f46efeda (webtiles) character file.

Game seed: 11148727567170377248

12 ANON1729 the Stinger (level 2, 0/19 HPs)
             Began as a Demonspawn Venom Mage on Aug 10, 2020.
             Slain by a bat (1 damage)
             ... on level 1 of the Dungeon.
             The game lasted 00:01:09 (342 turns).

ANON1729 the Stinger (Demonspawn Venom Mage)         Turns: 342, Time: 00:01:10

Health: 0/19       AC:  2    Str:  8    XL:     2   Next: 20%
Magic:  5/5        EV: 11    Int: 16    God:
Gold:   44         SH:  5    Dex: 13    Spells: 4/5 levels left

rFire    . . .     SeeInvis .   (no weapon)
rCold    . . .     Faith    .   e - +2 buckler
rNeg     . . .     Spirit   .   a - +0 robe
rPois    .         Reflect  .   (no helmet)
rElec    .         Harm     .   (no cloak)
rCorr    .                      (no gloves)
MR       .....                  (no boots)
Stlth    ++........             (no amulet)
HPRegen  0.06/turn              (no ring)
MPRegen  0.09/turn              (no ring)

@: no status effects
A: talons 1
a: no special abilities


You were on level 1 of the Dungeon.
You visited 1 branch of the dungeon, and saw 1 of its levels.

You collected 44 gold pieces.

Inventory:

Armour
 a - a +0 robe (worn)
 e - a +2 buckler (worn)
Jewellery
 b - an uncursed amulet of faith
Scrolls
 d - a scroll of teleportation {unknown}
Potions
 c - 2 potions of brilliance {unknown}
 f - a potion of heal wounds {unknown}


   Skills:
 + Level 2.0 Dodging
 + Level 2.0 Stealth
 + Level 0.0 Shields
 + Level 2.1 Spellcasting
 + Level 1.1 Transmutations
 + Level 3.1 Poison Magic


You had 4 spell levels left.
You knew the following spells:

 Your Spells              Type           Power        Failure   Level
a - Sting                 Tmut/Pois      #...         14%         1

Your spell library contained the following spells:

 Spells                   Type           Power        Failure   Level
 Poisonous Vapours        Pois/Air       #.....       26%         2
 Ignite Poison            Fire/Tmut/Pois #.......     50%         3
 Mephitic Cloud           Conj/Pois/Air  #.......     54%         3
 Olgreb's Toxic Radiance  Pois           ##......     67%         4


Dungeon Overview and Level Annotations

Branches:
Dungeon (1/15)

Altars:
The Shining One


Innate Abilities, Weirdness & Mutations

You have sharp toenails.


Message History

The kobold is moderately wounded.
The bat hits you. The rat bites you but does no damage.
The giant cockroach completely misses you.
The kobold hits you with a +0 whip. The kobold hits you.
* * * LOW HITPOINT WARNING * * *
The rat barely misses you.
You are too injured to fight recklessly!
You are too injured to fight recklessly!
You are too injured to fight recklessly!
You are too injured to fight recklessly!
The bat misses you. You block the bat's attack.
The kobold throws a stone.
The stone barely misses you. The giant cockroach closely misses you.
The bat hits you.
* * * LOW HITPOINT WARNING * * *
The bat hits you.
* * * LOW HITPOINT WARNING * * *
The bat closely misses you. The bat hits you.
* * * LOW HITPOINT WARNING * * *
The bat hits you.
You die...

###... ..≈..... #..... #
..≈... #..... .........≈.≈
....##. ...... .... .....(.
......##...#....# .#.....
.........##....###.#..###
##.......# ..............
..#.....##@###.............
. ......Krb...............##
.....#.....b.......... ...##
.....#...sK..(....#####.....
.........(........#...#.....
...#.#†...#.......#...#.....
......................#.##
....#................###.##
#....#...#............# #...


You could see a giant cockroach, 2 bats, 2 kobolds and a rat.

Vanquished Creatures
  A dart slug (D:1)
  2 bats (D:1)
  2 giant cockroaches (D:1)
  A hobgoblin (D:1)
  A goblin (D:1)
  2 kobolds (D:1)
9 creatures vanquished.

Notes
Turn   | Place    | Note
-------+----------+-------------------------------------------
     0 | D:1      | ANON1729 the Demonspawn Venom Mage began the quest for the
                  | Orb.
     0 | D:1      | Reached XP level 1. HP: 13/13 MP: 3/3
    20 | D:1      | Found a glowing golden altar of the Shining One.
    37 | D:1      | Reached skill level 1 in Transmutations
   209 | D:1      | Gained mutation: You have sharp toenails. [demonic
                  | ancestry]
   209 | D:1      | Reached XP level 2. HP: 19/19 MP: 1/5
   342 | D:1      | Slain by a bat

Illustrated notes

Levels and vault maps discovered:
D:1:      minmay_arrival_open_corners, layout_basic,
          chequers_serial_rivers_micro_c, tso_metal_star

Skill      XL: |  1  2 |
---------------+-------+-----
Transmutations | 1 |  1.1
Stealth        | 2 |  2.0
Dodging        | 2 |  2.0
Spellcasting   | |  2.1
Poison Magic   | |  3.1

Action                   || total
-------------------------++-------
Melee: Unarmed           ||    12
       Kick              ||     2
 Cast: Sting             ||    11
Armor: Robe              ||     9
Dodge: Dodged            ||    29
Block: Buckler           ||     6

Table legend: (Time is in decaauts)
 A = Elapsed time spent in this place.
 B = Non-inter-level travel time spent in this place.
 C = Inter-level travel time spent in this place.
 D = Time resting spent in this place.
 E = Time spent auto-exploring this place.
 F = Levels seen in this place.
 G = Mean time per level.
                   A        B        C        D        E       F      G
               +--------+--------+--------+--------+--------+-----+--------+
         Total |    342 |    342 |      0 |    105 |    133 |   1 |  342.0 |
       Dungeon |    342 |    342 |      0 |    105 |    133 |   1 |  342.0 |
               +--------+--------+--------+--------+--------+-----+--------+

Top non-repeatable levels by time:
     D:1: 342 daAuts
